 Dungeon Crawl Stone Soup version 0.26-a0-682-g294304f6e8 (webtiles) character file.

Game seed: 2098969030487925226

53 grandjackal the Ducker (level 3, -3/28 HPs)
             Began as a Demonspawn Gladiator on Oct 22, 2020.
             Slain by Sigmund
             ... wielding a +0 scythe
              (13 damage)
             ... on level 2 of the Dungeon.
             The game lasted 00:02:18 (1341 turns).

grandjackal the Ducker (Demonspawn Gladiator)       Turns: 1341, Time: 00:02:18

Health: -3/28      AC:  7    Str: 12 (15) XL:     3   Next: 62%
Magic:  3/3        EV: 12    Int:  8 (9)  God:
Gold:   89         SH:  0    Dex: 12 (14) Spells: 2/2 levels left

rFire    + . .     SeeInvis .   a - +0 long sword
rCold    . . .     Faith    .   (no shield)
rNeg     . . .     Spirit   .   j - +2 leather armour {rF+}
rPois    .         Reflect  .   c - +0 helmet
rElec    .         Harm     .   (no cloak)
rCorr    .         Rampage  .   (no gloves)
MR       .....                  i - +0 pair of boots
Stlth    +.........             (no amulet)
HPRegen  0.09/turn              (no ring)
MPRegen  0.08/turn              (no ring)

@: stab
A: claws 1
a: no special abilities


You were on level 2 of the Dungeon.
You visited 1 branch of the dungeon, and saw 2 of its levels.

You collected 89 gold pieces.

Inventory:

Hand Weapons
 a - a +0 long sword (weapon)
Missiles
 d - 3 throwing nets (quivered)
Armour
 c - a +0 helmet (worn)
 i - a +0 pair of boots (worn)
 j - a +2 leather armour of fire resistance (worn)
Scrolls
 b - a scroll of immolation {unknown}
 g - a scroll of identify {unknown}
 h - a scroll of remove curse {unknown}


   Skills:
 + Level 2.6 Fighting
 - Level 2.9 Long Blades
 - Level 1.7 Throwing
 + Level 3.1 Dodging
 * Level 1.6 Unarmed Combat


You had 2 spell levels left.
You didn't know any spells.
Your spell library was empty.

Dungeon Overview and Level Annotations

Branches:
Dungeon (2/15)

Altars:

Annotations:
D:2 Sigmund


Innate Abilities, Weirdness & Mutations

You have sharp fingernails.


Message History

Deactivating autopickup; reactivate with Ctrl-A.
The gnoll hits you but does no damage.
You slash the gnoll!
The gnoll is severely wounded.
The gnoll closely misses you. Something hits you!
You hit the gnoll.
The gnoll is severely wounded.
The gnoll hits you. The gnoll closely misses you.
Unknown command.
Okay, then.
It was a potion of degeneration.
There was something very wrong with that liquid.
You feel weakened.
You feel dopey.
You feel clumsy. Something hits you but does no damage.
The gnoll shaman calls upon its god to heal the gnoll.
The gnoll hits you.
It was a potion of stabbing.
You feel ready to backstab. Something hits you!
You die...

#...# #.#.# #.#.##
#.#..# #######.#..#
#..........#
#.###...#..#
#..#.#.# #.#.##@#
#.####g# ##.## #.#
##†..###g#######
#......).w.....#
.........###g####.#
####.....#.g.#.$#.#
##....#...#..#.#
#...#.###..g...#


You could see a gnoll shaman, a worm and 3 gnolls.

Vanquished Creatures
  A gnoll (D:1)
  A dart slug (D:1)
  2 leopard geckos
  2 ball pythons (D:1)
  7 goblins
  3 hobgoblins
  A quokka (D:2)
  7 bats
  3 frilled lizards
  6 kobolds
  5 rats
38 creatures vanquished.

Vanquished Creatures (others)
  A plant (D:1)
1 creature vanquished.

Grand Total: 39 creatures vanquished

Notes
Turn   | Place    | Note
-------+----------+-------------------------------------------
     0 | D:1      | grandjackal the Demonspawn Gladiator began the quest for
                  | the Orb.
     0 | D:1      | Reached XP level 1. HP: 16/16 MP: 1/1
   115 | D:1      | Gained mutation: You have sharp fingernails. [demonic
                  | ancestry]
   115 | D:1      | Reached XP level 2. HP: 22/22 MP: 2/2
   227 | D:1      | Reached skill level 3 in Dodging
   504 | D:1      | Reached skill level 1 in Unarmed Combat
   504 | D:1      | Reached XP level 3. HP: 13/28 MP: 3/3
  1326 | D:2      | Noticed Sigmund
  1341 | D:2      | Slain by Sigmund

Illustrated notes

Levels and vault maps discovered:
D:1:      kennysheep_arrival_seaside, layout_rooms, serial_forest,
          infiniplex_forest_end_3, infiniplex_forest_lined_2,
          infiniplex_forest_straight_2, infiniplex_forest_lined_room_2,
          infiniplex_forest_straight_4, infiniplex_forest_lined_3_way,
          infiniplex_forest_clump_diagonal, infiniplex_forest_lined_corner,
          infiniplex_forest_clump_tiny
D:2:      layout_loops_ring, minmay_octomino_c4, uniq_sigmund

Skill      XL: |  1  2 |
---------------+-------+-----
Dodging        | 3 |  3.1
Unarmed Combat | 1 |  1.6
Fighting       | |  2.6
Long Blades    | |  2.9
Throwing       | |  1.7

Action                   || total
-------------------------++-------
Melee: Long sword        ||    79
  Use: Potion            ||     2
 Stab: Sleeping          ||     1
Armor: Leather armour    ||    31
Dodge: Dodged            ||    66
       Rpst.: Long sword ||    19

Table legend: (Time is in decaauts)
 A = Elapsed time spent in this place.
 B = Non-inter-level travel time spent in this place.
 C = Inter-level travel time spent in this place.
 D = Time resting spent in this place.
 E = Time spent auto-exploring this place.
 F = Levels seen in this place.
 G = Mean time per level.
                   A        B        C        D        E       F      G
               +--------+--------+--------+--------+--------+-----+--------+
         Total |   1363 |   1320 |     43 |    230 |    858 |   2 |  681.5 |
       Dungeon |   1363 |   1320 |     43 |    230 |    858 |   2 |  681.5 |
               +--------+--------+--------+--------+--------+-----+--------+

Top non-repeatable levels by time:
     D:1: 1172 daAuts
     D:2: 191 daAuts
